[Event "Titled Tuesday Blitz April 4 Early 2023"]
[White "Acikel, Mert"]
[Black "Krzywda, Andrzej"]
[WhiteFideId "12956465"]
[BlackFideId "1114565"]
[WhiteElo "2097"]
[BlackElo "2155"]
[Result "0-1"]
[Round "09"]
[TimeControl "180+2"]
[Date "2023.04.04"]
[WhiteClock "0:00:02"]
[BlackClock "0:00:30"]

1. e4 c6 2. Nc3 d5 3. Nf3 dxe4 4. Nxe4 Nf6 5. Qe2 Nxe4 6. Qxe4 Nd7 7. Bc4 Nf6 8. Ne5 e6 9. Qe2 Qc7 10. O-O Bd6 11. d4 O-O 12. Re1 b5 13. Bd3 Bb7 14. Bg5 Be7 15. Rad1 a6 16. c3 c5 17. dxc5 Qxc5 18. Bxf6 Bxf6 19. Nd7 Qc6 20. Nxf6+ gxf6 21. Be4 Qxe4 22. Qxe4 Bxe4 23. Rxe4 Ra7 24. Rd6 Rc8 25. Red4 Kg7 26. Rb6 f5 27. h4 Kf6 28. Rdd6 Rca8 29. g3 Ke5 30. Kg2 f4 31. Rdc6 fxg3 32. fxg3 Rd7 33. Rxa6 Rxa6 34. Rxa6 Rd2+ 35. Kf3 Rxb2 36. Ra7 f5 37. a4 bxa4 38. Rxa4 Rc2 39. c4 Kd4 40. Ra7 e5 41. Rxh7 Rc3+ 42. Kg2 Rxc4 43. Rf7 Ke4 44. h5 Rc6 45. Rh7 Rc2+ 46. Kh3 Kf3 47. Rf7 f4 48. h6 Rc1 49. Kh4 Rh1+ 50. Kg5 Kxg3 51. h7 f3 52. Kf5 f2 53. Kxe5 Rxh7 54. Rxh7 f1=Q 55. Rg7+ Kh4 0-1


[Site "https://www.chess.com"]

[Event "Titled Tuesday Blitz April 4 Early 2023"]
[White "Vargas Rodriguez, Wilver"]
[Black "Okike, David"]
[WhiteFideId "3509672"]
[BlackFideId "8500134"]
[WhiteElo "2224"]
[BlackElo "2232"]
[Result "0-1"]
[Round "09"]
[TimeControl "180+2"]
[Date "2023.04.04"]
[WhiteClock "0:00:06"]
[BlackClock "0:01:04"]

1. e4 c5 2. Nf3 Nc6 3. d4 cxd4 4. Nxd4 Nf6 5. Nc3 d6 6. Be2 e5 7. Nb3 h6 8. O-O Be7 9. Be3 Be6 10. Qd2 a6 11. f4 Na5 12. Nxa5 Qxa5 13. f5 Bd7 14. Bf3 Rc8 15. Rfd1 Rxc3 16. Qxc3 Qxc3 17. bxc3 Bc6 18. g4 Kd7 19. c4 Nxe4 20. Bxe4 Bxe4 21. Rd2 Kc6 22. Kf2 Rc8 23. Rb1 Rc7 24. Rb6+ Kd7 25. c5 d5 26. c3 Bh4+ 27. Ke2 Ke7 28. Rb4 Kf6 29. Rxb7 Rxb7 30. c6 Rc7 31. c4 d4 32. Bxd4 exd4 33. Rxd4 Bxc6 34. Rd6+ Kg5 35. c5 Kxg4 36. Kd2 Kxf5 37. h3 Bf6 0-1


[Site "https://www.chess.com"]

[Event "Titled Tuesday Blitz April 4 Early 2023"]
[White "Shukhman, Anna"]
[Black "Semenova, Alina"]
[WhiteFideId "54180058"]
[BlackFideId "24113875"]
[WhiteElo "2125"]
[BlackElo "1833"]
[Result "1-0"]
[Round "09"]
[TimeControl "180+2"]
[Date "2023.04.04"]
[WhiteClock "0:01:20"]
[BlackClock "0:00:02"]

1. e4 e5 2. Nf3 Nf6 3. Nxe5 d6 4. Nf3 Nxe4 5. Bd3 d5 6. O-O Be7 7. Re1 Nc5 8. Bf1 O-O 9. d4 Ne4 10. c4 c6 11. Nc3 Nxc3 12. bxc3 Bf6 13. h3 Bf5 14. g4 Be4 15. Bd3 Bxd3 16. Qxd3 Nd7 17. Ba3 Re8 18. Rxe8+ Qxe8 19. Re1 Qd8 20. cxd5 cxd5 21. Qf5 g6 22. Qxd5 Ne5 23. Rxe5 Bxe5 24. Qxe5 Rc8 25. Bb2 Qb6 26. Qe2 Qa5 27. c4 Qxa2 28. d5 Rf8 29. d6 f6 30. d7 Qa5 31. Qe6+ Kg7 32. Qe7+ Rf7 33. Bxf6+ Kh6 34. Qxf7 Qe1+ 35. Nxe1 1-0


[Site "https://www.chess.com"]

[Event "Titled Tuesday Blitz April 4 Early 2023"]
[White "Zampronha, Wladimir Camilo"]
[Black "Rodchenkov, Sergey D."]
[WhiteFideId "2103087"]
[BlackFideId "4168712"]
[WhiteElo "2176"]
[BlackElo "2277"]
[Result "0-1"]
[Round "09"]
[TimeControl "180+2"]
[Date "2023.04.04"]
[WhiteClock "0:00:02"]
[BlackClock "0:00:16"]

1. e4 c5 2. Nf3 d6 3. d4 cxd4 4. Nxd4 Nf6 5. Nc3 a6 6. Bg5 e6 7. f4 h6 8. Bh4 Qb6 9. Qd2 Qxb2 10. Rb1 Qa3 11. e5 dxe5 12. fxe5 Nfd7 13. Be2 Be7 14. Bxe7 Qxe7 15. Nf3 O-O 16. O-O Nc6 17. Qe3 Qc5 18. Qxc5 Nxc5 19. Rfd1 Nd7 20. Ne4 Ndxe5 21. Nxe5 Nxe5 22. Nd6 Rb8 23. c4 Rd8 24. c5 Kf8 25. Kf2 Ke7 26. Ke3 b5 27. a4 b4 28. a5 b3 29. Rdc1 Nc6 30. Nxc8+ Rdxc8 31. Bxa6 Rd8 32. Be2 Nd4 33. a6 Ra8 34. Bf1 e5 35. c6 Rdc8 36. Rc5 Kd6 37. Ra5 Rxc6 38. a7 Rc7 39. Rba1 b2 40. Rb1 Rcxa7 41. Rxa7 Rxa7 42. Rxb2 Ra3+ 43. Ke4 f5# 0-1


[Site "https://www.chess.com"]

[Event "Titled Tuesday Blitz April 4 Early 2023"]
[White "Kalajzic, Ivan"]
[Black "Shuvalov, Evgenij"]
[WhiteFideId "14506378"]
[BlackFideId "4187237"]
[WhiteElo "2203"]
[BlackElo "2080"]
[Result "0-1"]
[Round "09"]
[TimeControl "180+2"]
[Date "2023.04.04"]
[WhiteClock "0:00:38"]
[BlackClock "0:01:18"]

1. d4 Nf6 2. Nc3 e6 3. Bg5 a6 4. e4 d5 5. exd5 exd5 6. a3 Be7 7. Bd3 Nc6 8. Nce2 Bg4 9. h3 Bh5 10. g4 Bg6 11. Nf3 Ne4 12. Bxe7 Nxe7 13. Ne5 f6 14. Nxg6 Nxg6 15. f3 Nd6 16. Qd2 Nc4 17. Bxc4 dxc4 18. h4 Qd5 19. Qe3+ Kf7 20. O-O-O Rhe8 21. Qf2 b5 22. h5 Ne7 23. Nf4 Qd6 24. Qd2 c3 25. bxc3 Qxa3+ 26. Kb1 Rab8 27. Rhe1 b4 28. c4 b3 29. c3 b2 30. Kc2 Qa4+ 31. Kd3 Nc6 32. Rxe8 Rxe8 33. Rb1 Na5 34. Rxb2 Nxc4 35. Qc2 Re3# 0-1


[Site "https://www.chess.com"]

[Event "Titled Tuesday Blitz April 4 Early 2023"]
[White "Jovic, Stanoje"]
[Black "Burdalev, Kirill"]
[WhiteFideId "905020"]
[BlackFideId "14121913"]
[WhiteElo "2236"]
[BlackElo "2236"]
[Result "1-0"]
[Round "09"]
[TimeControl "180+2"]
[Date "2023.04.04"]
[WhiteClock "0:01:03"]
[BlackClock "0:00:07"]

1. c4 Nf6 2. g3 g6 3. Bg2 Bg7 4. Nc3 O-O 5. Nf3 d6 6. O-O e5 7. d3 Nc6 8. Rb1 a5 9. a3 h6 10. b4 axb4 11. axb4 Be6 12. b5 Ne7 13. e4 Nd7 14. Nd5 Nc5 15. h3 c6 16. Nxe7+ Qxe7 17. Be3 f5 18. Bxc5 dxc5 19. bxc6 bxc6 20. Nh4 Kh7 21. exf5 gxf5 22. Bxc6 Ra7 23. Bd5 Bc8 24. Rb6 Rf6 25. Rb8 Qc7 26. Qb3 Bd7 27. Bg8+ Kh8 28. Be6+ Kh7 29. Bxd7 Qxd7 30. Rb1 Qf7 31. Rb7 Rxb7 32. Qxb7 f4 33. Qxf7 Rxf7 34. g4 e4 35. dxe4 Bd4 36. Nf5 f3 37. Rb3 Kg6 38. Rxf3 Be5 39. Nh4+ Kg7 40. Rxf7+ Kxf7 41. Ng2 Bd4 42. Kf1 Ke6 43. f4 Kf6 44. Ke2 Ke6 45. Kd3 Kf6 46. e5+ Ke6 47. Ke4 Ke7 48. f5 Kf7 49. Nf4 Ke7 50. Nd5+ Kf7 51. h4 Kg7 52. g5 hxg5 53. hxg5 Ba1 54. e6 Bd4 55. f6+ Kg6 56. e7 Kf7 57. Nc7 Bxf6 58. e8=Q+ Kg7 59. Ne6+ Kh7 60. Qf7+ 1-0


[Site "https://www.chess.com"]

[Event "Titled Tuesday Blitz April 4 Early 2023"]
[White "Nugumanov, Bakhtiyar"]
[Black "Baches Garcia, Guillermo"]
[WhiteFideId "13701797"]
[BlackFideId "2209764"]
[WhiteElo "2209"]
[BlackElo "2443"]
[Result "0-1"]
[Round "09"]
[TimeControl "180+2"]
[Date "2023.04.04"]
[WhiteClock "0:00:02"]
[BlackClock "0:00:06"]

1. Nf3 d5 2. g3 g6 3. Bg2 Bg7 4. c4 dxc4 5. Na3 e5 6. Nxc4 Nc6 7. O-O Nge7 8. d3 O-O 9. Bd2 a5 10. Rc1 h6 11. Bc3 Nd4 12. e3 Nxf3+ 13. Bxf3 f6 14. d4 exd4 15. Bxd4 Ra6 16. Qb3 a4 17. Qc2 Bf5 18. Qe2 c6 19. Rfd1 Qb8 20. Bc5 Re8 21. Nd6 Rd8 22. Qc4+ Kh7 23. e4 Bh3 24. Qf7 Ng8 25. Nxb7 Rxd1+ 26. Rxd1 Ra7 27. Rd7 Bxd7 28. Bxa7 Qxb7 29. Bc5 Bc8 30. Qe8 Qd7 31. Qxd7 Bxd7 32. Bd1 f5 33. exf5 gxf5 34. Ba3 c5 35. Bxc5 Bxb2 36. Bc2 a3 37. g4 Kg6 38. gxf5+ Bxf5 39. Bb3 Nf6 40. Bf8 Ne4 41. Bb4 Nc3 42. f3 Bb1 43. Bxc3 Bxc3 44. Kf2 Kg5 45. Kg3 Be5+ 46. Kg2 Bf4 47. Kf2 Kf6 48. Kg2 Bf5 49. Bc4 Be6 50. Bb3 Bxb3 0-1


[Site "https://www.chess.com"]

[Event "Titled Tuesday Blitz April 4 Early 2023"]
[White "Clawitter, Craig"]
[Black "Pein, Jonathan"]
[WhiteFideId "2023105"]
[BlackFideId "417092"]
[WhiteElo "2238"]
[BlackElo "2151"]
[Result "0-1"]
[Round "09"]
[TimeControl "180+2"]
[Date "2023.04.04"]
[WhiteClock "0:00:01"]
[BlackClock "0:00:33"]

1. e4 c5 2. Nf3 e6 3. d4 cxd4 4. Nxd4 Nc6 5. Nc3 Qc7 6. Be3 a6 7. Qd2 d6 8. O-O-O Nf6 9. f3 h5 10. Bd3 b5 11. Nxc6 Qxc6 12. Ne2 Bb7 13. Nd4 Qc7 14. Rhe1 Rc8 15. Bg5 Be7 16. f4 Qb6 17. e5 Nd5 18. Bxe7 Nxe7 19. exd6 Qxd6 20. Nxb5 Qd5 21. Nc3 Qxg2 22. Qxg2 Bxg2 23. Be4 Bxe4 24. Nxe4 O-O 25. Rd7 Nf5 26. Ng3 g6 27. Nxf5 exf5 28. b3 Rc3 29. Ra7 Rf3 30. Rxa6 Rxf4 31. a4 Rf2 32. a5 Rc8 33. Kb1 Rcxc2 34. Ra8+ Kg7 35. a6 Rb2+ 36. Kc1 Ra2 37. Kb1 Rfb2+ 38. Kc1 Rxb3 39. Re7 Rf3 40. Kb1 Rxh2 41. Re1 Rb3+ 42. Kc1 Ra3 43. Kb1 Rha2 44. Re7 Ra1+ 45. Kb2 R1a2+ 46. Kb1 Rxa6 47. Rxa6 Rxa6 48. Kb2 Rc6 0-1


[Site "https://www.chess.com"]

[Event "Titled Tuesday Blitz April 4 Early 2023"]
[White "Bas Mas, Jose Joaquin"]
[Black "Kiseleva, Arina"]
[WhiteFideId "22219064"]
[BlackFideId "4164989"]
[WhiteElo "2233"]
[BlackElo "1708"]
[Result "1-0"]
[Round "09"]
[TimeControl "180+2"]
[Date "2023.04.04"]
[WhiteClock "0:01:14"]
[BlackClock "0:00:07"]

1. e4 c6 2. d4 d5 3. f3 e6 4. Nc3 Bb4 5. a3 Bxc3+ 6. bxc3 Ne7 7. Nh3 Qa5 8. Bb2 Qa4 9. Bd3 b6 10. O-O Ba6 11. Qe2 Bxd3 12. cxd3 O-O 13. c4 Re8 14. f4 Nd7 15. Kh1 b5 16. Rac1 Rab8 17. cxd5 cxd5 18. Rc7 Red8 19. f5 b4 20. fxe6 bxa3 21. Ba1 fxe6 22. Ng5 a2 23. exd5 Qa6 24. Rc6 1-0


[Site "https://www.chess.com"]

[Event "Titled Tuesday Blitz April 4 Early 2023"]
[White "Kornyukov, Alexey"]
[Black "Matveeva, Olga"]
[WhiteFideId "4150457"]
[BlackFideId "24107018"]
[WhiteElo "2352"]
[BlackElo "2056"]
[Result "0-1"]
[Round "09"]
[TimeControl "180+2"]
[Date "2023.04.04"]
[WhiteClock "0:00:07"]
[BlackClock "0:00:10"]

1. e4 e6 2. d4 d5 3. Nc3 Nf6 4. e5 Nfd7 5. Nf3 c5 6. Bb5 Nc6 7. O-O Be7 8. Bxc6 bxc6 9. Be3 O-O 10. dxc5 Nxc5 11. Nd4 Qc7 12. f4 Rb8 13. Rb1 Ba6 14. Rf3 Ne4 15. Nxe4 dxe4 16. Rh3 g6 17. f5 exf5 18. Nxf5 Rfd8 19. Nh6+ Kg7 20. Bd4 c5 21. Nf5+ Kh8 22. Nh6 Rxd4 23. Nxf7+ Kg7 24. Qc1 Kxf7 25. Rxh7+ Ke6 26. Qh6 Rg8 27. Qh3+ Kd5 28. c4+ Bxc4 29. b3 Bd3 30. Rc1 Re8 31. Qg4 Kc6 32. Qxg6+ Kd7 33. e6+ Kd8 34. Qf7 Qe5 35. Re1 e3 36. h4 e2 37. Rh5 Qe3+ 38. Kh1 Rg4 39. Rd5+ Kc7 40. Rd7+ Kc6 41. Qxe8 Rxh4# 0-1


[Site "https://www.chess.com"]

[Event "Titled Tuesday Blitz April 4 Early 2023"]
[White "Antonio, Jorge Carlos"]
[Black "Sakun, Volodymyr"]
[WhiteFideId "113190"]
[BlackFideId "14114062"]
[WhiteElo "2247"]
[BlackElo "2318"]
[Result "1-0"]
[Round "09"]
[TimeControl "180+2"]
[Date "2023.04.04"]
[WhiteClock "0:00:41"]
[BlackClock "0:00:01"]

1. d4 Nf6 2. Nf3 e6 3. Bf4 d5 4. e3 c5 5. c3 Nc6 6. Bd3 Bd6 7. Ne5 Qc7 8. Nxc6 bxc6 9. Bxd6 Qxd6 10. Nd2 e5 11. dxe5 Qxe5 12. Qa4 Bd7 13. Qa5 Qd6 14. c4 O-O 15. Nb3 Rfb8 16. O-O Ng4 17. g3 Qh6 18. h4 Nxe3 19. Rfc1 g5 20. Qd2 Nxc4 21. Bxc4 dxc4 22. Rxc4 Be6 23. Rxc5 Bd5 24. Nd4 Qh5 25. Nxc6 Bxc6 26. Rxg5+ Qg6 27. h5 Rd8 28. Qf4 Qg7 29. h6 1-0


[Site "https://www.chess.com"]

[Event "Titled Tuesday Blitz April 4 Early 2023"]
[White "Iskusnyh, Sergei"]
[Black "Zaichenko, Daria"]
[WhiteFideId "4120027"]
[BlackFideId "4197453"]
[WhiteElo "2492"]
[BlackElo "2039"]
[Result "1-0"]
[Round "09"]
[TimeControl "180+2"]
[Date "2023.04.04"]
[WhiteClock "0:00:08"]
[BlackClock "0:00:05"]

1. d4 d5 2. c4 e6 3. Nf3 Nf6 4. g3 Be7 5. Bg2 O-O 6. O-O dxc4 7. Qa4 a6 8. Qxc4 b5 9. Qc2 Bb7 10. Bd2 Ra7 11. Rc1 Be4 12. Qd1 Nbd7 13. Ba5 Nd5 14. Nbd2 Bg6 15. a3 N5b6 16. Rc6 Na4 17. b3 Nab6 18. Rac1 Nb8 19. Ne5 Bxa3 20. Ra1 Bb2 21. Ra2 Bxd4 22. Nxg6 fxg6 23. Rc1 Rxf2 24. Kh1 Be3 25. Ne4 Qxd1+ 26. Rxd1 Rf8 27. Rc2 Nd5 28. Bh3 Re8 29. Nc5 Nc6 30. Bxe6+ Rxe6 31. Nxe6 Ndb4 32. Rc3 Nxa5 33. Rxe3 h5 34. Rd8+ Kh7 35. Ng5+ Kh6 36. Nf7+ Kh7 37. Rh8# 1-0


[Site "https://www.chess.com"]

[Event "Titled Tuesday Blitz April 4 Early 2023"]
[White "Vaglio Munoz, Jaime"]
[Black "De Souza, Cristiano Gomes"]
[WhiteFideId "6500145"]
[BlackFideId "2151758"]
[WhiteElo "2199"]
[BlackElo "2068"]
[Result "1-0"]
[Round "09"]
[TimeControl "180+2"]
[Date "2023.04.04"]
[WhiteClock "0:00:16"]
[BlackClock "0:00:06"]

1. Nf3 Nf6 2. b4 g6 3. Bb2 Bg7 4. g3 O-O 5. Bg2 c6 6. O-O Qb6 7. a3 a5 8. Bd4 Qc7 9. c4 axb4 10. axb4 Rxa1 11. Bxa1 Na6 12. Qb3 d6 13. d3 Be6 14. Ng5 Bd7 15. Nd2 h6 16. Nge4 Nxe4 17. Nxe4 Be6 18. Bxg7 Kxg7 19. b5 Nb8 20. Rb1 Nd7 21. bxc6 bxc6 22. Qb7 Rc8 23. Qxc7 Rxc7 24. Nc3 Nf6 25. Rb6 d5 26. c5 d4 27. Na4 Bd5 28. f3 e5 29. Bh3 Ra7 30. Rb4 Ne8 31. Nb6 Nc7 32. Kf2 Ra5 33. f4 f6 34. fxe5 fxe5 35. Nd7 Be6 36. Bxe6 Nxe6 37. Rb7 Kg8 38. Nxe5 Rxc5 39. Nxg6 Rc2 40. h4 c5 41. Re7 Ng7 42. Ne5 Nf5 43. Rc7 Ne3 44. Kf3 Rc1 45. Nd7 Rf1+ 46. Ke4 Rg1 47. Nxc5 Nf1 48. Kxd4 Rxg3 49. e4 Rg4 50. Ne6 Rxh4 51. Ke5 Nd2 52. Nf4 Nf3+ 53. Kf5 1-0


[Site "https://www.chess.com"]

[Event "Titled Tuesday Blitz April 4 Early 2023"]
[White "Blokhin, Sofia"]
[Black "KorolDimitriy75"]
[WhiteFideId "4508190"]
[WhiteElo "1994"]
[BlackElo "2425"]
[Result "1-0"]
[Round "09"]
[TimeControl "180+2"]
[Date "2023.04.04"]
[WhiteClock "0:00:22"]
[BlackClock "0:00:02"]

1. d4 Nf6 2. c4 c5 3. d5 b5 4. Nc3 bxc4 5. e4 d6 6. Bxc4 g6 7. f4 Bg7 8. Nf3 O-O 9. O-O Ba6 10. Bxa6 Nxa6 11. e5 Nd7 12. exd6 exd6 13. Ne4 Nf6 14. Nxf6+ Qxf6 15. Kh1 Rab8 16. Rb1 Qf5 17. Be3 Rxb2 18. Rxb2 Bxb2 19. Qe2 Re8 20. Qxb2 Rxe3 21. Qb7 Nb4 22. Qb8+ Kg7 23. Qxd6 Qxd5 24. Qxd5 Nxd5 25. g3 c4 26. Ne5 c3 27. Rc1 Re2 28. Nf3 Rxa2 29. Nd4 Ne3 30. h3 c2 31. Kg1 Rb2 32. Kf2 Rb1 33. Ne2 Rxc1 34. Nxc1 Nd5 35. Ke2 a5 36. Kd2 Nb4 37. Kc3 h5 38. Kb3 Kf6 39. Ka4 Kf5 40. Kxa5 Nd5 41. Kb5 Ke4 42. Kc4 Ne3+ 43. Kc3 Kf3 44. Kd3 1-0


[Site "https://www.chess.com"]

[Event "Titled Tuesday Blitz April 4 Early 2023"]
[White "Torres Hernandez, Leslie Carolin"]
[Black "Carrasco Miranda, Andres"]
[WhiteFideId "8400504"]
[BlackFideId "3405990"]
[WhiteElo "1920"]
[BlackElo "2183"]
[Result "1/2-1/2"]
[Round "09"]
[TimeControl "180+2"]
[Date "2023.04.04"]
[WhiteClock "0:00:04"]
[BlackClock "0:00:04"]

1. e4 c5 2. Nf3 d6 3. Bb5+ Nd7 4. a4 Nf6 5. Nc3 g6 6. O-O Bg7 7. a5 a6 8. Be2 O-O 9. d4 cxd4 10. Qxd4 Qc7 11. Qb4 Nc5 12. Nd2 Bg4 13. f3 Be6 14. Nc4 Bxc4 15. Qxc4 Rac8 16. Be3 Ne6 17. Qxc7 Rxc7 18. Ra3 Rfc8 19. Rb3 Kf8 20. Ra1 Nd7 21. Bd1 Bd4 22. Nd5 Bxe3+ 23. Rxe3 Rc6 24. c3 Nf6 25. Nxf6 exf6 26. Kf2 Ke7 27. g3 h5 28. Bb3 Nc5 29. Bd5 R6c7 30. h4 Ne6 31. Ree1 g5 32. Rh1 Rg8 33. hxg5 fxg5 34. Rxh5 Rg7 35. Rah1 Nc5 36. Ke3 Na4 37. Rh7 Kf6 38. R1h6+ Rg6 39. Rxg6+ Kxg6 40. Rh8 Nxb2 41. Kd4 Nd1 42. c4 Nb2 43. Rb8 Na4 44. Rxb7 Rxb7 45. Bxb7 Nc5 46. Bc6 Kf6 47. Kd5 Ke7 48. f4 Nb3 49. Bb7 Nxa5 50. Bxa6 gxf4 51. gxf4 Nb3 52. Bb5 Nd2 53. e5 dxe5 54. fxe5 Nb3 55. c5 f6 56. exf6+ Kxf6 57. Kd6 Nxc5 1/2-1/2


[Site "https://www.chess.com"]

[Event "Titled Tuesday Blitz April 4 Early 2023"]
[White "Ai, Evan"]
[Black "EdmundPlayer"]
[WhiteFideId "2094770"]
[WhiteElo "1963"]
[BlackElo "2228"]
[Result "1-0"]
[Round "09"]
[TimeControl "180+2"]
[Date "2023.04.04"]
[WhiteClock "0:00:35"]
[BlackClock "0:00:07"]

1. e4 c6 2. d4 d5 3. Nc3 dxe4 4. Nxe4 Bf5 5. Ng3 Bg6 6. h4 h6 7. Nf3 Nd7 8. h5 Bh7 9. Bd3 Bxd3 10. Qxd3 Ngf6 11. Bf4 e6 12. c4 Bb4+ 13. Bd2 Qa5 14. a3 Bxd2+ 15. Qxd2 Qxd2+ 16. Kxd2 O-O-O 17. Kc3 c5 18. Rad1 cxd4+ 19. Nxd4 Nc5 20. f3 Rd7 21. b4 Na4+ 22. Kb3 Nb6 23. Nb5 Kb8 24. Rxd7 Nbxd7 25. Rd1 Rf8 26. Nd6 a6 27. c5 Kc7 28. Ne2 Nxh5 29. Nxb7 Nhf6 30. Nd6 Nd5 31. Nd4 Ne3 32. Rd2 Nf6 33. Re2 Nfd5 34. a4 Rb8 35. b5 axb5 36. axb5 Nf1 37. Ra2 f5 38. Ra7+ Kd8 39. Nxe6# 1-0


[Site "https://www.chess.com"]

[Event "Titled Tuesday Blitz April 4 Early 2023"]
[White "Kohler, Aran"]
[Black "Thiel, Thomas"]
[WhiteFideId "1002856"]
[BlackFideId "4615964"]
[WhiteElo "2293"]
[BlackElo "2216"]
[Result "1-0"]
[Round "09"]
[TimeControl "180+2"]
[Date "2023.04.04"]
[WhiteClock "0:02:33"]
[BlackClock "0:02:17"]

1. d4 Nf6 2. Nf3 g6 3. Bg5 Bg7 4. Nbd2 O-O 5. e3 d6 6. c3 b6 7. Bd3 Bb7 8. h4 h5 9. Qb3 Qe8 10. Bxf6 exf6 11. Bxg6 a5 12. Bb1 a4 13. Qc2 1-0


[Site "https://www.chess.com"]

[Event "Titled Tuesday Blitz April 4 Early 2023"]
[White "Rose, Felix"]
[Black "Ciuffoletti, Paolo"]
[WhiteFideId "5105722"]
[BlackFideId "807630"]
[WhiteElo "2039"]
[BlackElo "2143"]
[Result "1-0"]
[Round "09"]
[TimeControl "180+2"]
[Date "2023.04.04"]
[WhiteClock "0:00:23"]
[BlackClock "0:00:02"]

1. e4 c5 2. Nf3 Nc6 3. d4 cxd4 4. Nxd4 Nf6 5. Nc3 e5 6. Ndb5 d6 7. Bg5 a6 8. Na3 b5 9. Nd5 Be7 10. Bxf6 Bxf6 11. c3 O-O 12. Nc2 Rb8 13. Be2 a5 14. a3 Bg5 15. O-O Ne7 16. Nce3 Be6 17. Nxe7+ Qxe7 18. Nd5 Bxd5 19. Qxd5 Qe6 20. Rfd1 b4 21. cxb4 axb4 22. Qxe6 fxe6 23. Rxd6 bxa3 24. bxa3 Rb2 25. Kf1 Be3 26. f3 Rfb8 27. a4 Bd4 28. Rd1 R8b3 29. Rxe6 Ra3 30. Ra6 h6 31. a5 Kh7 32. Rc6 Raa2 33. Re1 Rxa5 34. f4 Raa2 35. fxe5 Bxe5 36. g3 Bd4 37. Rc4 Rd2 38. Rd1 Rxd1+ 39. Bxd1 1-0


[Site "https://www.chess.com"]

[Event "Titled Tuesday Blitz April 4 Early 2023"]
[White "morozcoma"]
[Black "Larina, Maria"]
[BlackFideId "24113182"]
[WhiteElo "2281"]
[BlackElo "1848"]
[Result "1-0"]
[Round "09"]
[TimeControl "180+2"]
[Date "2023.04.04"]
[WhiteClock "0:00:21"]
[BlackClock "0:00:13"]

1. e4 c6 2. Nc3 d5 3. Nf3 Bg4 4. Be2 dxe4 5. Nxe4 e6 6. d4 Nf6 7. Nxf6+ Qxf6 8. Bg5 Qg6 9. Bh4 Nd7 10. Bg3 Qe4 11. O-O Be7 12. Re1 Qd5 13. c4 Qa5 14. Ne5 Nxe5 15. Bxe5 Bxe2 16. Qxe2 O-O 17. Qg4 g6 18. Re3 f5 19. Qh3 Qd2 20. Qh6 Rf7 21. Rae1 Bf8 22. Qg5 Be7 23. Qh6 Bf8 24. Qh3 Re8 25. R3e2 Qg5 26. f4 Qg4 27. Qxg4 fxg4 28. g3 Rd7 29. c5 Kf7 30. b4 a6 31. a4 h5 32. Rb2 Bg7 33. Rbe2 Bxe5 34. dxe5 Rd4 35. Re4 Red8 36. Kf2 Rd2+ 37. R1e2 Rd1 38. Re1 R8d2+ 39. R4e2 Rd4 40. Rxd1 Rxd1 41. Re4 Rd2+ 42. Re2 Rd4 43. Rb2 Ke7 44. Ke2 Kd7 45. Rd2 Rxd2+ 46. Kxd2 Kc7 47. Kd3 b6 48. Kc4 b5+ 49. axb5 axb5+ 50. Kd3 Kd7 51. Ke2 Ke7 52. Kf2 Kf7 53. Kg2 Kg7 54. h3 gxh3+ 55. Kxh3 Kh6 56. Kh4 Kg7 57. Kg5 Kf7 58. Kh6 1-0


[Site "https://www.chess.com"]

[Event "Titled Tuesday Blitz April 4 Early 2023"]
[White "dDobravcan"]
[Black "Tagliata"]
[WhiteElo "2151"]
[BlackElo "2280"]
[Result "0-1"]
[Round "09"]
[TimeControl "180+2"]
[Date "2023.04.04"]
[WhiteClock "0:00:01"]
[BlackClock "0:00:10"]

1. e4 c5 2. b4 cxb4 3. Bb2 d5 4. exd5 Qxd5 5. d4 Nc6 6. c4 bxc3 7. Nxc3 Qd8 8. Bc4 Nf6 9. d5 Nb8 10. Nf3 g6 11. d6 Bg7 12. Ng5 O-O 13. Qb3 e6 14. Rd1 Nc6 15. Qc2 Nd5 16. Nxd5 exd5 17. Rxd5 Nb4 18. Qb3 Nxd5 19. Bxg7 Kxg7 20. h4 Nf6 21. h5 Nxh5 22. f4 Qa5+ 23. Kf2 Bf5 24. Rxh5 gxh5 25. Qb2+ f6 26. Kg3 Qc5 27. Qb3 Rae8 28. Nf3 Qe3 29. Qxb7+ Kh8 30. d7 Re7 31. Bb5 Rg7+ 32. Kh2 Qxf4+ 33. Kg1 Qc1+ 34. Kf2 Qc2+ 0-1


[Site "https://www.chess.com"]

[Event "Titled Tuesday Blitz April 4 Early 2023"]
[White "Levitan, Caleb Levi"]
[Black "Necula, Iulian"]
[WhiteFideId "14332620"]
[BlackFideId "1232380"]
[WhiteElo "1963"]
[BlackElo "1790"]
[Result "0-1"]
[Round "09"]
[TimeControl "180+2"]
[Date "2023.04.04"]
[WhiteClock "0:00:06"]
[BlackClock "0:00:08"]

1. e4 d6 2. d4 Nf6 3. Nc3 e5 4. Nf3 Nbd7 5. Bc4 Be7 6. O-O h6 7. h3 c6 8. Bb3 Qc7 9. Re1 a5 10. a4 Nf8 11. Be3 Ng6 12. Qd2 Nh5 13. Ne2 O-O 14. Rad1 b6 15. c3 Nf6 16. Ng3 Be6 17. Bxe6 fxe6 18. dxe5 Nxe5 19. Nxe5 dxe5 20. Qc2 Rad8 21. Re2 Rxd1+ 22. Qxd1 Rd8 23. Rd2 Rxd2 24. Qxd2 b5 25. Qd1 Kh7 26. f3 b4 27. Ne2 c5 28. c4 Nh5 29. b3 Bg5 30. Bxg5 hxg5 31. Qd2 Nf4 32. Nxf4 exf4 33. Kf2 Qe5 34. Ke2 Kg6 35. Qc2 Kh5 36. Kf2 Qd4+ 37. Kf1 Qa1+ 38. Kf2 Qd4+ 39. Kf1 Qe3 40. e5 Kh6 41. Qe4 Qxb3 42. Qa8 Qxa4 43. Qh8+ Kg6 44. h4 gxh4 45. Qxh4 Qd1+ 46. Kf2 Qd4+ 47. Kf1 Qxc4+ 48. Kf2 Qd4+ 49. Kf1 Qxe5 50. Qg4+ Kf7 51. Qh3 Qf5 52. Qh8 Qd3+ 53. Kf2 Qd2+ 54. Kf1 Qd1+ 55. Kf2 Qd4+ 56. Kf1 g6 57. Qb8 Qc4+ 58. Kf2 a4 59. Qa7+ Kf6 60. Qxa4 Qd4+ 61. Kf1 Qd3+ 62. Kf2 b3 63. Qe8 Qc2+ 64. Kf1 b2 65. Qh8+ Ke7 66. Qg7+ Kd6 67. Qf8+ Kc6 68. Qc8+ Kd5 69. Qd7+ Kc4 70. Qxe6+ Kb4 71. Qb6+ Kc3 72. Qxc5+ Kd2 73. Qd4+ Kc1 74. Qxf4+ Kb1 75. g4 Qc1+ 76. Qxc1+ bxc1=Q+ 77. Kf2 Qf4 78. Kg2 g5 79. Kf2 Kc2 80. Ke2 Kc3 81. Kf2 Kd3 82. Ke1 Ke3 83. Kd1 Qxf3+ 84. Kc2 Qf2+ 85. Kc3 Qf4 86. Kc2 Qxg4 87. Kc3 Qg2 88. Kb3 Ke4 89. Kc4 Qf3 90. Kc5 g4 91. Kb4 g3 92. Kc4 g2 93. Kb4 g1=Q 94. Kc4 Qc1+ 95. Kb4 Qfc3+ 96. Ka4 Q1c2+ 97. Kb5 Q2b2+ 98. Ka4 Qca3# 0-1


[Site "https://www.chess.com"]

[Event "Titled Tuesday Blitz April 4 Early 2023"]
[White "Matute Escobar, Roxanny"]
[Black "Hrabinska, Myroslava"]
[WhiteFideId "3926028"]
[BlackFideId "14109190"]
[WhiteElo "1844"]
[BlackElo "2039"]
[Result "1-0"]
[Round "09"]
[TimeControl "180+2"]
[Date "2023.04.04"]
[WhiteClock "0:00:07"]
[BlackClock "0:00:01"]

1. e4 d5 2. exd5 Qxd5 3. Nc3 Qa5 4. Bc4 Nc6 5. d4 Bf5 6. Bd2 Nxd4 7. Nd5 Qc5 8. Ne3 Nxc2+ 9. Nxc2 Qxc4 10. Ne3 Qe4 11. Ne2 Nh6 12. O-O e6 13. Qb3 Bd6 14. Rac1 O-O 15. Ng3 Bxg3 16. hxg3 Rad8 17. Bb4 Rfe8 18. Rxc7 a6 19. Re1 b5 20. Nxf5 Qxf5 21. Qf3 Rd3 22. Qc6 Red8 23. Rc8 Ng4 24. Rxd8+ Rxd8 25. f3 Nf6 26. Be7 Rb8 27. Qxa6 Qc2 28. Qd6 Rc8 29. Bxf6 gxf6 30. Qd4 Qc6 31. Qxf6 Ra8 32. a3 Qc2 33. Qg5+ Kf8 34. Rc1 Qxb2 35. Rc7 Qg7 36. Qc5+ Kg8 37. Qxb5 Qa1+ 38. Kh2 Qxa3 39. Qg5+ Kf8 40. Qf6 1-0


[Site "https://www.chess.com"]

[Event "Titled Tuesday Blitz April 4 Early 2023"]
[White "Floresvillar Gonzalez, Luis Migu"]
[Black "Winkels, Marcel"]
[WhiteFideId "5100542"]
[BlackFideId "1003887"]
[WhiteElo "2040"]
[BlackElo "1900"]
[Result "0-1"]
[Round "09"]
[TimeControl "180+2"]
[Date "2023.04.04"]
[WhiteClock "0:00:03"]
[BlackClock "0:01:07"]

1. e4 c5 2. d4 cxd4 3. c3 dxc3 4. Nxc3 Nc6 5. Nf3 e6 6. Bc4 Qc7 7. Qe2 Nf6 8. e5 Ng4 9. Bf4 a6 10. h3 Nh6 11. Bxh6 gxh6 12. Ne4 Be7 13. Nf6+ Bxf6 14. exf6 Qa5+ 15. Kf1 b5 16. Bb3 Bb7 17. Rd1 Qc7 18. Ke1 Qf4 19. Qd2 Qxd2+ 20. Rxd2 d5 21. Kd1 Na5 22. Bc2 Nc4 23. Re2 Nxb2+ 24. Kc1 Nc4 25. Rd1 O-O 26. Bb3 Rac8 27. Bxc4 Rxc4+ 28. Kb2 Rfc8 29. Ne5 Rb4+ 30. Ka1 d4 31. Ng4 Bd5 32. Nxh6+ Kf8 33. Red2 e5 34. Ng4 Re8 0-1


[Site "https://www.chess.com"]